 Dungeon Crawl Stone Soup version 0.25-a0-299-gced51cc (webtiles) character file.

Game seed: 1276739924511777089, levelgen mode: deterministic

905 15 the Conjurer (level 8, -3/43 HPs)
             Began as a Tengu Conjurer on Dec 19, 2019.
             Shot with an arrow by a centaur (18 damage)
             ... on level 6 of the Dungeon.
             The game lasted 00:27:48 (5419 turns).

15 the Conjurer (Tengu Conjurer)                    Turns: 5419, Time: 00:27:50

Health: -3/43      AC:  2    Str: 10    XL:     8   Next: 8%
Magic:  7/13       EV: 17    Int: 18    God:
Gold:   389        SH:  0    Dex: 15    Spells: 3/13 levels left

rFire    + . .     SeeInvis .   y - +2 dagger (drain)
rCold    + . .     Gourm    .   (no shield)
rNeg     . . .     Faith    .   a - +0 robe
rPois    .         Spirit   .   (helmet restricted)
rElec    .         Reflect  .   g - scarf {rC+ rF+}
rCorr    .         Harm     .   (no gloves)
MR       .....                  (boots unavailable)
Stlth    +++.......             (no amulet)
HPRegen  0.14/turn              (no ring)
MPRegen  0.13/turn              (no ring)

@: lethally poisoned (-3 -> -7), about to teleport, flying quickly and
evasively, very slightly contaminated, quick
A: beak, horns 1, talons 3, clever 1, able to fly
a: Stop Flying


You were on level 6 of the Dungeon.
You were hungry.

You visited 2 branches of the dungeon, and saw 7 of its levels.

You collected 389 gold pieces.

Inventory:

Hand Weapons
 f - a +0 war axe of freezing
 m - a +1 dagger of venom
 v - a +0 mace of protection
 y - a +2 dagger of draining (weapon)
Missiles
 d - 119 stones (quivered)
 h - 65 bolts
Armour
 a - a +0 robe (worn)
 g - a scarf of resistance (worn)
Wands
 l - a wand of enslavement (9)
Scrolls
 e - a scroll of fear {unknown}
 i - 2 scrolls of teleportation
 k - a scroll of magic mapping {unknown}
 q - a scroll of remove curse
 r - a scroll of enchant armour {unknown}
 t - 2 scrolls of blinking {unknown}
 w - a scroll of immolation {unknown}
 x - 2 scrolls of enchant weapon {unknown}
Potions
 b - a potion of lignification
 j - a potion of ambrosia
 n - a potion of heal wounds
 s - a potion of brilliance
Comestibles
 c - 7 rations
 o - 5 chunks of flesh


   Skills:
 + Level 1.5 Fighting
 + Level 1.6 Short Blades
 + Level 2.3 Axes
 * Level 3.3 Armour
 * Level 4.1 Dodging
 + Level 4.0 Stealth
 + Level 3.2 Spellcasting
 * Level 7.1 Conjurations
 * Level 1.7 Hexes
 * Level 1.9 Evocations


You had 3 spell levels left.
You knew the following spells:

 Your Spells              Type           Power        Failure   Level  Hunger
a - Magic Dart            Conj           ####         1%          1    None
b - Searing Ray           Conj           ####..       1%          2    ##.....
c - Dazzling Flash        Conj/Hex       ###...       8%          3    ###....
d - Fulminant Prism       Conj/Hex       ###.......   26%         4    ####...

Your spell library contained the following spells:

 Spells                   Type           Power        Failure   Level  Hunger
 Iskenderun's Mystic Bla  Conj/Tloc      ###.....     36%         4    ####...


Dungeon Overview and Level Annotations

Branches:
Dungeon (6/15)             Temple (1/1) D:5

Altars:
Dithmenos
Elyvilon
Hepliaklqana
Kikubaaqudgha
Makhleb
Okawaru
Ru
Trog
Uskayaw
Wu Jian
Yredelemnul

Annotations:
D:6 Dowan, Duvessa


Innate Abilities, Weirdness & Mutations

You have a beak for a mouth.
You have claws for feet.
You can fly continuously.
You have a pair of small horns on your head.
Your mind is acute. (Int +2)


Message History

Confirm with . or Enter, or press ? or * to list all spells.
The adder is dazzled.
The leopard gecko is dazzled.
The centaur is dazzled.
The centaur shoots an arrow.
The arrow misses the adder.
The arrow hits you! The adder completely misses you.
The leopard gecko bites you. The adder bites you.
You are more poisoned.
The adder poisons you!
Okay, then.
As you read the scroll of teleportation, it crumbles to dust.
You feel strangely unstable.
You feel sick. The leopard gecko misses you.
The centaur shoots an arrow.
The arrow completely misses the adder.
The arrow closely misses you. The adder bites you but does no damage.
You hit the adder. You drain the adder.
The adder is moderately wounded.
You feel sick. The leopard gecko closely misses you. The adder bites you.
You hit the necrophage. You peck the necrophage.
The necrophage is lightly damaged.
The centaur shoots an arrow.
The arrow barely misses the adder.
The arrow hits you!!
You die...

#.........##....# .....#
##........##....##......
#..........##..........#
###.............(....?.n..
................(..##.....
.........#.##.##..## ..#
.........#.####..## .
#.......##. ##n#
.###...###. #@# .....###
#Sl...# #....# #c..#.#
#.....# #..... #......
..##... .#...... .#. .....
........ # . .##. ........
. .# ........ .?###..


You could see a necrophage, a centaur (blind), an adder (blind) and a leopard
gecko (blind).

Vanquished Creatures
  Menkaure (D:5)
  A centaur (D:6)
  A bullfrog (D:6)
  A howler monkey (D:5)
  2 crimson imps (D:5)
  An orc priest (D:4)
  2 hounds (D:5)
  A bullfrog skeleton (D:5)
  2 orc wizards (D:4)
  Natasha (thrice) (D:3)
  2 worker ants
  A howler monkey zombie (D:6)
  Robin (D:4)
  6 adders
  2 gnolls (D:4)
  An ooze (D:2)
  5 worms
  2 dart slugs
  6 leopard geckos
  9 orcs
  11 giant cockroaches
  19 goblins
  6 hobgoblins
  10 jackals
  2 quokkas (D:5)
  2 ball pythons
  9 bats
  5 frilled lizards
  A jackal zombie (D:5)
  2 kobolds
  A quokka skeleton (D:4)
  10 rats
128 creatures vanquished.

Vanquished Creatures (others)
  A fulminant prism (D:4)
1 creature vanquished.

Grand Total: 129 creatures vanquished

Notes
Turn   | Place    | Note
-------+----------+-------------------------------------------
     0 | D:1      | 15 the Tengu Conjurer began the quest for the Orb.
     0 | D:1      | Reached XP level 1. HP: 10/10 MP: 4/4
   131 | D:1      | Reached XP level 2. HP: 15/15 MP: 4/6
   143 | D:1      | Learned a level 2 spell: Searing Ray
   582 | D:1      | Reached skill level 1 in Armour
   735 | D:1      | Reached XP level 3. HP: 19/19 MP: 2/7
   809 | D:2      | Learned a level 3 spell: Dazzling Flash
  1449 | D:2      | Reached XP level 4. HP: 23/24 MP: 3/8
  2084 | D:3      | Reached skill level 6 in Conjurations
  2258 | D:3      | Gained mutation: You can fly continuously. [Tengu growth]
  2258 | D:3      | Reached XP level 5. HP: 28/28 MP: 5/9
  2275 | D:3      | Noticed Natasha
  2281 | D:3      | Killed Natasha
  2341 | D:3      | Noticed Natasha
  2345 | D:3      | Killed Natasha
  2345 | D:3      | Reached skill level 1 in Short Blades
  2540 | D:3      | Noticed Natasha
  2549 | D:3      | Killed Natasha
  2691 | D:4      | Found a bloodstained altar of Trog.
  2801 | D:4      | Reached XP level 6. HP: 30/33 MP: 7/10
  2846 | D:4      | Reached skill level 1 in Fighting
  3283 | D:4      | Reached skill level 1 in Hexes
  3292 | D:4      | Learned a level 4 spell: Fulminant Prism
  3294 | D:4      | Noticed Robin
  4002 | D:4      | Killed Robin
  4205 | D:5      | Entered Level 5 of the Dungeon
  4332 | D:5      | Reached XP level 7. HP: 17/38 MP: 6/12
  4539 | D:5      | Reached skill level 1 in Evocations
  4621 | D:5      | Reached skill level 1 in Axes
  4738 | D:5      | Found a staircase to the Ecumenical Temple.
  4768 | Temple   | Entered the Ecumenical Temple
  4946 | D:5      | Noticed Menkaure
  4951 | D:5      | Gained mutation: You are covered in fur. (AC +1) [potion of
                  | mutation]
  4951 | D:5      | Gained mutation: You are frail. (-10% HP) [potion of
                  | mutation]
  4951 | D:5      | Gained mutation: Your spells are a little harder to cast,
                  | but a little more powerful. [potion of mutation]
  4952 | D:5      | Lost mutation: Your spells are a little harder to cast, but
                  | a little more powerful. [potion of mutation]
  4952 | D:5      | Lost mutation: You are frail. (-10% HP) [potion of
                  | mutation]
  4952 | D:5      | Lost mutation: You are covered in fur. (AC +1) [potion of
                  | mutation]
  4952 | D:5      | Gained mutation: Your mind is acute. (Int +2) [potion of
                  | mutation]
  4952 | D:5      | Gained mutation: You have a pair of small horns on your
                  | head. [potion of mutation]
  4965 | D:5      | Killed Menkaure
  5015 | D:5      | Reached skill level 7 in Conjurations
  5358 | D:6      | Reached XP level 8. HP: 43/43 MP: 13/13
  5397 | D:6      | Noticed Duvessa
  5397 | D:6      | Noticed Dowan
  5419 | D:6      | Shot with an arrow by a centaur

Levels and vault maps discovered:
D:1:      eino_arrival_cavern_d, layout_loops_ring, serial_bayou_lake_a
D:2:      layout_basic, first_ration
D:3:      layout_basic, roderic_cross_of_infinity, uniq_natasha
D:4:      layout_cave_pools, bloody_trog, minmay_fractal_squares_diagonal_5,
          uniq_robin
D:5:      layout_basic, minmay_temple_entry_water_ring, uniq_menkaure
D:6:      layout_cave_pools, old_standard_altar, uniq_grinder, uniq_duvessa
Temple:   eino_temple_lava

Skill      XL: |  1  2  3  4  5  6  7 |
---------------+----------------------+-----
Armour         | 1 2 3 |  3.3
Stealth        | 3 4 |  4.0
Conjurations   | 6 7 |  7.1
Short Blades   | 1 |  1.6
Dodging        | 3 4 |  4.1
Fighting       | 1 |  1.5
Hexes          | 1 |  1.7
Evocations     | 1 |  1.9
Axes           | 2 |  2.3
Spellcasting   | 3 |  3.2

Action                   |  1- 3 |  4- 6 |  7- 9 || total
-------------------------+-------+-------+-------++-------
Melee: Short sword       |    37 |     4 |       ||    41
       Peck              |     5 |    10 |     3 ||    18
       Kick              |     2 |    15 |     6 ||    23
       Dagger            |       |    55 |    20 ||    75
       War axe           |       |    30 |       ||    30
       Headbutt          |       |       |     2 ||     2
 Cast: Magic Dart        |    30 |    68 |     9 ||   107
       Searing Ray       |     4 |    15 |     6 ||    25
       Dazzling Flash    |     1 |     2 |     1 ||     4
       Fulminant Prism   |       |     1 |       ||     1
 Abil: Fly               |       |     1 |       ||     1
  Use: Scroll            |     1 |     9 |     1 ||    11
       Potion            |     1 |     2 |     4 ||     7
 Stab: Sleeping          |     4 |     8 |     1 ||    13
       Distracted        |       |       |     1 ||     1
  Eat: Chunk             |     3 |    11 |     3 ||    17
Armor: Robe              |     6 |     8 |     3 ||    17
       Skin              |     2 |       |       ||     2
Dodge: Dodged            |    19 |    86 |    20 ||   125

Table legend:
 A = Non-vault XP
 B = Vault XP
 C = Vault XP percentage of total XP
 D = Non-vault monster count
 E = Vault monster count
 F = Vault count percentage of total count
                 A         B        C        D         E       F
            +---------+---------+-------+---------+---------+-------
      Total |    1014 |     280 |  21.6 |     109 |      19 |  14.8
            +---------+---------+-------+---------+---------+-------
        D:1 |      35 |       0 |   0.0 |      20 |       0 |   0.0
        D:2 |      76 |       0 |   0.0 |      22 |       0 |   0.0
        D:3 |     181 |      37 |  17.0 |      25 |       2 |   7.4
        D:4 |     212 |      68 |  24.3 |      27 |      16 |  37.2
        D:5 |     291 |     175 |  37.6 |      12 |       1 |   7.7
        D:6 |     219 |       0 |   0.0 |       3 |       0 |   0.0
            +---------+---------+-------+---------+---------+-------
